 Dungeon Crawl Stone Soup version 0.21.1-1-g345015f (webtiles) character file.

93 Larett the Covert (level 4, -3/29 HPs)
             Began as an Octopode Assassin on Feb 25, 2018.
             Slain by a phantom (7 damage)
             ... on level 3 of the Dungeon.
             The game lasted 00:05:10 (2367 turns).

Larett the Covert (Octopode Assassin)               Turns: 2367, Time: 00:05:10

Health: -3/29      AC:  2    Str: 10    XL:     4   Next: 61%
Magic:  4/4        EV: 13    Int: 13    God:
Gold:   109        SH:  0    Dex: 14    Spells: 3/3 levels left

rFire    . . .     SeeInvis +   a - +2 dagger
rCold    . . .     Gourm    .   (no shield)
rNeg     . . .     Faith    .   (helmet restricted)
rPois    .         Spirit   .   (no amulet)
rElec    .         Reflect  .   x - +1 ring of protection
rCorr    .         Harm     .   s - ring of see invisible
MR       .....                  (no ring)
Stlth    +++++.....             (no ring)
HPRegen  0.09/turn              (no ring)
MPRegen  0.09/turn              (no ring)
                                (no ring)
                                (no ring)

@: no status effects
A: almost no armour, stealthy swim, amphibious, 8 rings, constrict 8, camouflage
1, gelatinous body 1
a: no special abilities


You were on level 3 of the Dungeon.
You were not hungry.

You visited 1 branch of the dungeon, and saw 4 of its levels.

You collected 109 gold pieces.

Inventory:

Hand Weapons
 a - a +2 dagger (weapon)
 q - a +0 blowgun
 y - a +0 hunting sling
 A - a +0 hunting sling
Missiles
 c - 8 poisoned needles
 d - 2 curare-tipped needles
 z - 31 arrows
 D - 7 stones (quivered)
 H - 15 sling bullets
 P - 13 bolts
Jewellery
 s - a ring of see invisible (right tentacle)
 x - a +1 ring of protection (left tentacle)
 Q - an uncursed ring of protection from magic {unknown}
Scrolls
 t - 2 scrolls of enchant weapon {unknown}
 u - 3 scrolls of noise {unknown}
 v - a scroll of teleportation {unknown}
 C - 5 scrolls of remove curse {unknown}
 F - 2 scrolls of magic mapping {unknown}
 K - a scroll of identify {unknown}
 O - a scroll of fog {unknown}
Potions
 r - a potion of might {unknown}
 B - a potion of cancellation {unknown}
 E - a potion of haste {unknown}
 I - a potion of flight {unknown}
 J - a potion of ambrosia {unknown}
 M - a potion of degeneration {unknown}
Comestibles
 f - 5 rations


   Skills:
 - Level 2.0 Fighting
 - Level 2.0 Short Blades
 - Level 2.0 Throwing
 - Level 1.0 Dodging
 + Level 8.2 Stealth


You had 3 spell levels left.
You didn't know any spells.

Dungeon Overview and Level Annotations

Branches:
Dungeon (4/15)
 Temple: D:4-7

Altars:
Cheibriados
Kikubaaqudgha
Nemelex Xobeh

Annotations:
D:3 mommacheese's ghost, novice MfBe


Innate Abilities, Weirdness & Mutations

You cannot wear most types of armour.
You are very stealthy in the water. (Stealth+)
You are amphibious.
You can wear up to eight rings at the same time.
You can use your tentacles to constrict eight enemies at once.
Your skin changes colour to match your surroundings (Stealth+).
Your rubbery body absorbs attacks. (AC +1, EV +1)


Message History

Aim: a phantom (almost destroyed)
You throw a stone. The stone closely misses the phantom.
Throwing (i - inventory):
D - 9 stones (quivered)
Press: ? - help, Shift-Dir - straight line, f/p - phantom
Aim: a phantom (almost destroyed)
You throw a stone. The stone hits the phantom.
The phantom is almost destroyed.
Throwing (i - inventory):
D - 8 stones (quivered)
Press: ? - help, Shift-Dir - straight line, f/p - phantom
Aim: a phantom (almost destroyed)
You throw a stone.
The stone hits the phantom but does no damage.
The phantom is almost destroyed.
You hit the phantom but do no damage. Your squeeze misses the phantom.
The phantom is almost destroyed.
The phantom misses you.
You closely miss the phantom.
The phantom is almost destroyed.
The phantom hits you!
You die...

#.......#
#.#(....#
##.##....########
#...#(..........#
#....(..........#
#...##(.........#
#...##..........#
#...###.........#
##### #.@W((...(#
##........#
#........#
#........#
#..).....#
##########


You could see a phantom.

Vanquished Creatures
  3 adders
  An ooze (D:2)
  2 worms (D:2)
  A dart slug (D:3)
  6 leopard geckos
  3 orcs (D:4)
  3 bats
  4 goblins (D:1)
  3 hobgoblins
  5 jackals
  6 kobolds
  4 frilled lizards
  4 rats
45 creatures vanquished.

Notes
Turn   | Place    | Note
-------+----------+-------------------------------------------
     0 | D:1      | Larett the Octopode Assassin began the quest for the Orb.
     0 | D:1      | Reached XP level 1. HP: 14/14 MP: 1/1
   133 | D:1      | Reached skill level 6 in Stealth
   133 | D:1      | Reached XP level 2. HP: 19/19 MP: 2/2
   591 | D:1      | Found a sparkling altar of Nemelex Xobeh.
   745 | D:1      | Reached XP level 3. HP: 24/24 MP: 3/3
  1162 | D:2      | Reached skill level 7 in Stealth
  1704 | D:3      | Reached XP level 4. HP: 29/29 MP: 4/4
  1718 | D:3      | Noticed mommacheese's ghost (novice MfBe)
  1850 | D:3      | Found an ancient bone altar of Kikubaaqudgha.
  1973 | D:3      | Found a snail-covered altar of Cheibriados.
  2061 | D:4      | Reached skill level 8 in Stealth
  2291 | D:4      | Noticed a phantom
  2353 | D:4      | HP: 3/29 [phantom (6)]
  2367 | D:3      | Slain by a phantom

Skill      XL: |  1  2  3  4 |
---------------+-------------+-----
Stealth        | 6 7 8 |  8.2
Fighting       | |  2.0
Short Blades   | |  2.0
Throwing       | |  2.0
Dodging        | |  1.0

Action                   |  1- 3 |  4- 6 || total
-------------------------+-------+-------++-------
Melee: Dagger            |    49 |    43 ||    92
       Constrict         |    11 |     6 ||    17
       Tentacles         |     4 |     6 ||    10
Throw: Stone             |       |    36 ||    36
       Tomahawk          |       |     3 ||     3
  Use: Potion            |       |     2 ||     2
 Stab: Sleeping          |    17 |     2 ||    19
  Eat: Chunk             |     2 |     2 ||     4
Armor: Skin              |     5 |     4 ||     9
Dodge: Dodged            |    17 |    20 ||    37
